 Dungeon Crawl Stone Soup version 0.19-a0-1686-g35356ef (webtiles) character file.

23 Amnesiac the Vexing (level 2, 0/19 HPs)
             Began as a Mummy Enchanter on Sept 25, 2016.
             Killed from afar by Dowan (3 damage)
             ... with a puff of frost
             ... on level 4 of the Dungeon.
             The game lasted 00:01:17 (669 turns).

Amnesiac the Vexing (Mummy Enchanter)                Turns: 669, Time: 00:01:18

Health: 0/19       AC:  4    Str: 11    XL:     2   Next: 72%
Magic:  3/5        EV: 12    Int: 14    God:
Gold:   45         SH:  0    Dex: 12    Spells: 1 memorised, 4 levels left

rFire  x . .     SeeInvis .     a - +1 dagger
rCold  + . .     Gourm    .     b - +1 robe
rNeg   + + +     Faith    .     (no shield)
rPois  ∞         Spirit   .     (no helmet)
rElec  .         Dismiss  .     (no cloak)
rCorr  .         Reflect  .     (no gloves)
MR     .....     Harm     .     (no boots)
Stlth  +.........               (no amulet)
                                (no ring)
                                (no ring)

@: very slightly contaminated, glowing
A: no food or potions, fire vulnerability, cold resistance 1, negative energy
resistance 3, torment resistance, unbreathing
a: no special abilities


You were on level 4 of the Dungeon.
You were not hungry.

You visited 1 branch of the dungeon, and saw 4 of its levels.

You collected 45 gold pieces.

Inventory:

Hand Weapons
 a - a +1 dagger (weapon)
Armour
 b - a +1 robe (worn)
Scrolls
 d - a scroll of remove curse
Books
 c - a book of Maledictions

   Spells                             Type                      Level
   a - Corona                         Hexes                        1
   b - Ensorcelled Hibernation        Hexes/Ice                    2
   c - Confuse                        Hexes                        3
   d - Tukima's Dance                 Hexes                        3
   e - Dazzling Spray                 Conjuration/Hexes            3


   Skills:
 - Level 0.7 Short Blades
 - Level 1.5 Dodging
 - Level 2.4 Stealth
 - Level 2.0 Spellcasting
 + Level 3.6 Hexes


You had 4 spell levels left.
You knew the following spells:

 Your Spells              Type           Power        Failure   Level  Hunger
f - Corona                Hex            ##.....      6%          1    N/A

Dungeon Overview and Level Annotations

Branches:
Dungeon (4/15)
 Temple: D:4-7

Altars:
Fedhas

Annotations:
D:4 Dowan


Innate Abilities, Weirdness & Mutations

You do not eat or drink.
Your flesh is vulnerable to fire.
You are immune to poison.
Your flesh is cold resistant. (rC+)
You are immune to negative energy. (rN+++)
You are immune to unholy pain and torment.
You can survive without breathing.


Message History

The adder bites you. Dowan hits you but does no damage.
You hit Dowan.
Dowan is moderately wounded.
The adder misses you. Dowan misses you. The adder closely misses you.
You closely miss Dowan.
Dowan is lightly wounded.
Dowan points at you and mumbles some strange words.
You are outlined in light.
The adder barely misses you.
You closely miss Dowan.
Dowan is lightly wounded.
The adder closely misses you. Dowan casts a spell at you.
The puff of frost hits you! You resist.
You hit Dowan but do no damage.
Dowan is lightly wounded.
The adder bites you.
* * * LOW HITPOINT WARNING * * *
Dowan casts a spell at you. The puff of frost hits you! You resist.
You die...

...#.#####......
##..#.#..<.......
...#.#####......
####.#.# #......
#......# #######
#.##.######
#S#.......#
#S#..S....#
#@#.......#
#e#.......#
#.#.......#
#.........#
###.......#
#.......#


You could see Dowan and 2 adders.

Vanquished Creatures
  An adder (D:4)
  A giant cockroach (D:2)
  A goblin (D:2)
  3 hobgoblins
  A jackal (D:4)
  A kobold (D:1)
  A quokka (D:3)
  A quokka skeleton (D:4)
  2 rats (D:1)
12 creatures vanquished.

Vanquished Creatures (others)
  A fungus (D:4)
1 creature vanquished.

Grand Total: 13 creatures vanquished

Notes
Turn   | Place    | Note
-------+----------+-------------------------------------------
     0 | D:1      | Amnesiac the Mummy Enchanter began the quest for the Orb.
     0 | D:1      | Reached XP level 1. HP: 13/13 MP: 3/3
   180 | D:1      | Reached skill level 3 in Hexes
   260 | D:2      | Reached XP level 2. HP: 16/19 MP: 3/5
   458 | D:4      | Found a blossoming altar of Fedhas.
   626 | D:4      | Noticed Dowan
   669 | D:4      | Killed from afar by Dowan

Vault maps used:
D:1:      saegor_arrival_simple_f, minmay_ruptured
D:3:      old_standard_altar, first_bread, uniq_grinder
D:4:      cheibrodos_quashed, fedhas_altar_3, uniq_duvessa

Skill      XL: |  1 |
---------------+----+-----
Hexes          | 3 |  3.6
Short Blades   | |  0.7
Dodging        | |  1.5
Stealth        | |  2.4
Spellcasting   | |  2.0

Action                   || total
-------------------------++-------
Melee: Dagger            ||    45
 Cast: Corona            ||     8
  Use: Scroll            ||     1
 Stab: Sleeping          ||     4
Armor: Robe              ||    11
Dodge: Dodged            ||    31
